 Dungeon Crawl Stone Soup version 0.27.1-34-g3ba077fa99 (webtiles) character file.

Game seed: 10304464326233873094

432 Cykl0x the Slasher (level 7, -4/41 HPs)
             Began as a Gargoyle Gladiator on Jan 6, 2022.
             Slain by a gnoll sergeant (5 damage)
             ... on level 5 of the Dungeon.
             The game lasted 00:07:04 (3425 turns).

Cykl0x the Slasher (Gargoyle Gladiator)             Turns: 3425, Time: 00:07:05

Health: -4/41      AC: 15    Str: 19    XL:     7   Next: 0%
Magic:  9/9        EV: 12    Int:  9    God:
Gold:   1195       SH:  5    Dex: 11    Spells: 9/9 levels left

rFire    . . .     SeeInvis .   a - +1 long sword (freeze)
rCold    . . .     Faith    .   f - +1 buckler
rNeg     + . .     Spirit   .   o - +2 leather armour {rPois}
rPois    ∞         Reflect  .   c - +0 helmet
rElec    +         Harm     .   (no cloak)
rCorr    .         Rampage  .   (no gloves)
Will     .....                  (no boots)
Stlth    +.........             (no amulet)
HPRegen  0.13/turn              k - +4 ring of protection
MPRegen  0.11/turn              l - ring of wizardry

@: no status effects
A: sickness immunity, AC +4, negative energy resistance 1, electricity
resistance, torment resistance 1, petrification resistance
a: no special abilities


You were on level 5 of the Dungeon.
You visited 1 branch of the dungeon, and saw 5 of its levels.

You collected 1195 gold pieces.

Inventory:

Hand Weapons
 a - a +1 long sword of freezing (weapon)
 q - a +0 scimitar
 r - a +1 dagger of electrocution
Missiles
 e - 19 stones
 i - 2 silver boomerangs
 t - 4 poisoned darts (quivered)
Armour
 b - a +0 leather armour
 c - a +0 helmet (worn)
 f - a +1 buckler (worn)
 h - a +0 ring mail
 o - a +2 leather armour of poison resistance (worn)
Jewellery
 g - a ring of positive energy
 k - a +4 ring of protection (left hand)
 l - a ring of wizardry (right hand)
 p - a ring of wizardry
Scrolls
 j - a scroll of blinking
 n - a scroll of fog
Potions
 d - a potion of cancellation {unknown}
 m - 2 potions of attraction {unknown}
 s - 2 potions of mutation
 u - a potion of heal wounds {unknown}


   Skills:
 + Level 3.0 Fighting
 + Level 4.1 Long Blades
 + Level 2.3 Throwing
 + Level 2.3 Armour
 + Level 3.2 Dodging
 * Level 2.3 Shields
 * Level 1.7 Spellcasting
 * Level 2.0 Conjurations


You had 9 spell levels left.
You didn't know any spells.
Your spell library contained the following spells:

 Spells                   Type           Power      Damage    Failure   Level
 Animate Dead             Necr           0%         N/A       86%         4
 Borgnjor's Vile Clutch   Necr/Erth      0%         N/A       99%         5
 Death Channel            Necr           0%         N/A       100%        6


Dungeon Overview and Level Annotations

Branches:
Dungeon (5/15)
 Temple: D:4-7

Altars:
Okawaru
Vehumet


Innate Abilities, Weirdness & Mutations

You are immune to sickness and miasma.
Your stone body is resilient. (AC +4)
You are immune to poison.
You resist negative energy. (rN+)
You are resistant to electric shocks. (rElec)
You are resistant to unholy torment.
You are immune to petrification.


Message History

You are too injured to fight recklessly!
You are too injured to fight recklessly!
You are too injured to fight recklessly!
You are too injured to fight recklessly!
You are too injured to fight recklessly!
You are too injured to fight recklessly!
Unknown command.
You are too injured to fight recklessly!
You are too injured to fight recklessly!
You are too injured to fight recklessly!
You are too injured to fight recklessly!
You are too injured to fight recklessly!
You are too injured to fight recklessly!
You are too injured to fight recklessly!
You are too injured to fight recklessly!
You are too injured to fight recklessly!
You are too injured to fight recklessly!
You are too injured to fight recklessly!
You are too injured to fight recklessly!
You are too injured to fight recklessly!
You are too injured to fight recklessly!
You hit the gnoll sergeant. You freeze the gnoll sergeant.
The gnoll sergeant is severely wounded.
The gnoll sergeant hits you but does no damage.
You hit the gnoll sergeant but do no damage.
The gnoll sergeant is severely wounded.
The gnoll sergeant hits you with a +0 spear.
You hit the gnoll sergeant. You freeze the gnoll sergeant.
The gnoll sergeant is almost dead.
The gnoll sergeant hits you with a +0 spear.
* * * LOW HITPOINT WARNING * * *
You closely miss the gnoll sergeant.
The gnoll sergeant is almost dead.
The gnoll sergeant hits you but does no damage.
The gnoll sergeant hits you with a +0 spear!
* * * LOW HITPOINT WARNING * * *
You hit the gnoll sergeant but do no damage.
The gnoll sergeant is almost dead.
The gnoll sergeant hits you with a +0 spear.
You die...

#.#########.# #.#
#.# #.# #.# #.# #.#
#.# #.# # #.#
#.######.. #.#
#.#.......
#.#########(#.......
#....@gggg†((g.((...
############........
#........ ......#..
g..?....# g.......##
.......## .g...?..#


You could see a gnoll sergeant and 3 gnolls.

Vanquished Creatures
  An ogre (D:5)
  A water moccasin skeleton (D:5)
  2 howler monkeys
  A hound skeleton (D:4)
  8 gnolls
  5 adders
  An adder skeleton (D:4)
  2 dart slugs (D:1)
  7 orcs
  8 bats
  2 endoplasms
  2 giant cockroaches
  8 goblins
  3 jackals (D:3)
  6 quokkas
  6 ball pythons
  6 frilled lizards
  8 kobolds
  5 rats
82 creatures vanquished.

Vanquished Creatures (collateral kills)
  An orc (D:3)
  A quokka (D:3)
2 creatures vanquished.

Grand Total: 84 creatures vanquished

Notes
Turn   | Place    | Note
-------+----------+-------------------------------------------
     0 | D:1      | Cykl0x the Gargoyle Gladiator began the quest for the Orb.
     0 | D:1      | Reached XP level 1. HP: 12/12 MP: 1/1
   509 | D:1      | Reached XP level 2. HP: 17/17 MP: 2/2
   712 | D:1      | Reached skill level 3 in Long Blades
   712 | D:1      | Reached XP level 3. HP: 22/22 MP: 3/3
   827 | D:1      | Reached skill level 1 in Armour
  1437 | D:2      | Reached XP level 4. HP: 21/27 MP: 4/4
  1812 | D:3      | Reached skill level 1 in Shields
  1993 | D:3      | Reached XP level 5. HP: 15/31 MP: 5/5
  2236 | D:3      | Identified a scroll of acquirement
  2236 | D:3      | Acquired 1019 gold pieces
  2243 | D:3      | Found a radiant altar of Vehumet.
  2955 | D:4      | Reached skill level 1 in Spellcasting
  3034 | D:4      | Found an iron altar of Okawaru.
  3183 | D:4      | Reached skill level 1 in Conjurations
  3275 | D:5      | Entered Level 5 of the Dungeon
  3284 | D:5      | Reached XP level 6. HP: 32/36 MP: 7/7
  3416 | D:5      | Reached skill level 4 in Long Blades
  3416 | D:5      | Reached XP level 7. HP: 28/41 MP: 9/9
  3424 | D:5      | HP: 1/41 [gnoll sergeant (8)]
  3425 | D:5      | Slain by a gnoll sergeant

Illustrated notes

Levels and vault maps discovered:
D:1:      lightli_molten_gateway, layout_loops_ring
D:2:      layout_basic, corexii_hall_statues_t, due_unseen_surprise
D:3:      layout_rooms, fiery_altar_vehumet, kennysheep_generic_room_8
D:4:      layout_basic, lemuel_doored_altar, serial_park_tiny_2
D:5:      layout_rooms, minmay_misc_feat_diagonals, serial_park_tiny_1

Skill      XL: |  1  2  3  4  5  6 |
---------------+-------------------+-----
Long Blades    | 3 4 |  4.1
Armour         | 1 2 |  2.3
Throwing       | 2 |  2.3
Shields        | 1 2 |  2.3
Dodging        | 3 |  3.2
Spellcasting   | 1 |  1.7
Conjurations   | 1 2 |  2.0
Fighting       | 3 |  3.0

Action                   |  1- 3 |  4- 6 |  7- 9 || total
-------------------------+-------+-------+-------++-------
Melee: Long sword        |    99 |   131 |     8 ||   238
Throw: Throwing net      |    15 |       |       ||    15
       Stone             |    16 |    42 |       ||    58
       Dart              |       |    13 |     1 ||    14
  Use: Scroll            |       |    10 |       ||    10
Armor: Leather armour    |    10 |    21 |     3 ||    34
       Ring mail         |    63 |    46 |       ||   109
Dodge: Dodged            |    86 |    62 |     3 ||   151
Block: Buckler           |    10 |    28 |       ||    38
       Rpst.: Long sword |    33 |    26 |       ||    59
